 Dungeon Crawl Stone Soup version 0.30-a0-272-gf98c3da03f (webtiles) character file.

Game seed: 8049031065706480055

420 lunkers the Cruncher (level 7, -2/52 HPs)
             Began as a Meteoran Wanderer on Oct 16, 2022.
             Slain by a wyvern (8 damage)
             ... on level 4 of the Dungeon.
             The game lasted 00:04:45 (1625 turns).

lunkers the Cruncher (Meteoran Wanderer)            Turns: 1625, Time: 00:04:45

Health: -2/52      AC:  5    Str: 14    XL:     7   Next: 39%
Magic:  10/10      EV: 11    Int: 17    God:
Gold:   98         SH:  0    Dex: 12    Spells: 8/8 levels left

rFire   + . .      SeeInvis .    a - +5 quarterstaff of Bequeathed Fortitude {elec, rN+ rCorr}
rCold   . . .      Faith    .    (shield currently unavailable)
rNeg    + . .      Spirit   .    d - +0 robe
rPois   .          Reflect  .    q - +0 helmet
rElec   .          Harm     .    (no cloak)
rCorr   +          Rampage  .    e - +0 pair of gloves
Will    .....                    m - +0 pair of boots
Stlth   +.........               (no amulet)
HPRegen 0.28/turn                o - ring of protection from fire
MPRegen 0.12/turn                (no ring)

@: glowing
A: sense surroundings 1, otherworldly, glowing, explore regen
a: no special abilities


You were on level 4 of the Dungeon.
You visited 1 branch of the dungeon, and saw 4 of its levels.
You also visited: Sewer.

You collected 98 gold pieces.

Inventory:

Hand Weapons
 a - the +5 quarterstaff of Bequeathed Fortitude (weapon) {elec, rN+ rCorr}
   (You found it on level 3 of the Dungeon)

   It occasionally discharges a powerful burst of electricity upon striking a
   foe.
   rN:        It protects you from negative energy.
   rCorr:     It protects you from acid and corrosion.
 n - a +3 quarterstaff of draining
Armour
 d - a +0 robe (worn)
 e - a +0 pair of gloves (worn)
 m - a +0 pair of boots (worn)
 q - a +0 helmet (worn)
Jewellery
 o - a ring of protection from fire (left hand)
Wands
 b - a wand of flame (4)
Scrolls
 h - a scroll of enchant armour {unknown}
 i - a scroll of teleportation
 j - a scroll of amnesia
Potions
 c - a potion of haste
 f - a potion of brilliance
 g - 2 potions of degeneration
 l - a potion of resistance
 s - 3 potions of curing
 t - a potion of mutation


   Skills:
 - Level 1.1 Fighting
 + Level 9.6 Staves
 - Level 1.2 Armour
 - Level 1.3 Spellcasting
 - Level 1.2 Conjurations
 - Level 2.4 Evocations


You had 8 spell levels left.
You didn't know any spells.
Your spell library contained the following spells:

 Spells                   Type           Power      Damage    Failure   Level
 Magic Dart               Conj           20%        1d4       13%         1
 Searing Ray              Conj           10%        2d4       19%         2
 Static Discharge         Conj/Air       6%         2-3/arc   24%         2
 Dazzling Flash           Conj/Hex       6%         N/A       43%         3
 Fulminant Prism          Conj/Hex       1%         3d6       85%         4
 Iskenderun's Mystic Bla  Conj/Tloc      3%         2d3       85%         4
 Starburst                Conj/Fire      1%         6d3       100%        6


Dungeon Overview and Level Annotations

Branches:
Dungeon (4/15) Zot: 1086    Sewer (visited)
 Temple: D:4-7

Altars:

Shops:
D:2 ![


Innate Abilities, Weirdness & Mutations

You passively map a small area around you.
You are easily found by Zot.
You glow in the dark.
You regain HP and MP as you explore.


Message History

No target in view!
A wyvern and an endoplasm come into view.
The endoplasm quivers.
You sock the endoplasm!
You kill the endoplasm!
You hit the wyvern. Lightning courses through the wyvern!
The wyvern is heavily wounded.
The wyvern bites you.
You closely miss the wyvern.
The wyvern is heavily wounded.
The wyvern barely misses you. The wyvern bites you.
You closely miss the wyvern.
The wyvern is heavily wounded.
The wyvern completely misses you.
You closely miss the wyvern.
The wyvern is heavily wounded.
The wyvern closely misses you.
You hit the wyvern.
The wyvern is severely wounded.
The wyvern barely misses you.
You barely miss the wyvern.
The wyvern is severely wounded.
The wyvern bites you. The wyvern bites you!
* * * LOW HITPOINT WARNING * * *
You closely miss the wyvern.
The wyvern is severely wounded.
The wyvern bites you.
* * * LOW HITPOINT WARNING * * *
You barely miss the wyvern.
The wyvern is severely wounded.
The wyvern bites you but does no damage.
You closely miss the wyvern.
The wyvern is severely wounded.
The wyvern barely misses you.
You hit the wyvern.
The wyvern is almost dead.
The wyvern bites you!
* * * LOW HITPOINT WARNING * * *
The wyvern bites you!
You die...

#............# ,
...####.......##
,.* #......... *
* #......... *
####...#...# ,
#....###....
##..### ,..# **
* * .######...#
, ,..
.......@### , *
* ,
..##...l......#
,
..............#
* , ,
...#..........#
.. #.........##
, ., #.........#
* , ,..........#
, ...........# *
, *


You could see a wyvern.

Vanquished Creatures
  The ghost of Darkkill the Shooter, an amateur HuHu (D:3)
  A kobold brigand (Sewer)
  4 gnolls (D:3)
  6 adders
  3 river rats
  A white imp (D:4)
  6 worms
  2 dart slugs (D:2)
  2 orcs (D:3)
  5 endoplasms
  5 goblins
  6 hobgoblins
  3 jackals (D:2)
  9 quokkas
  6 ball pythons
  3 bats
  A frilled lizard (D:1)
  8 kobolds
  10 rats
82 creatures vanquished.

Notes
Turn   | Place    | Note
-------+----------+-------------------------------------------
     0 | D:1      | lunkers the Meteoran Wanderer began the quest for the Orb.
     0 | D:1      | lunkers set off with the following items: a +2
                  | quarterstaff, a wand of flame (4), a potion of haste, a +0
                  | robe; and the following spells available to memorise:
                  | Searing Ray, Static Discharge.
     0 | D:1      | Reached XP level 1. HP: 16/16 MP: 3/3
    27 | D:1      | Reached skill level 5 in Staves
    51 | D:1      | Reached XP level 2. HP: 20/23 MP: 5/5
   236 | D:2      | Found Kugikui's Distillery.
   273 | D:2      | Reached XP level 3. HP: 26/28 MP: 6/6
   372 | D:2      | Reached skill level 6 in Staves
   568 | D:2      | Reached XP level 4. HP: 35/35 MP: 7/7
   623 | D:2      | Found Gimiamosh's Armour Boutique.
   670 | D:3      | Identified the +5 quarterstaff of Bequeathed Fortitude
                  | {elec, rN+ rCorr}
   771 | D:3      | Noticed Darkkill's ghost (amateur HuHu)
   772 | D:3      | Found a runed translucent door.
   782 | D:3      | Reached XP level 5. HP: 39/40 MP: 8/8
   785 | D:3      | Reached skill level 7 in Staves
  1058 | D:3      | Found a glowing drain.
  1078 | Sewer    | Entered a sewer
  1121 | Sewer    | Reached XP level 6. HP: 47/47 MP: 9/9
  1136 | Sewer    | Reached skill level 8 in Staves
  1532 | D:3      | Killed Darkkill's ghost
  1533 | D:3      | Reached skill level 9 in Staves
  1533 | D:3      | Reached XP level 7. HP: 31/52 MP: 10/10
  1612 | D:4      | Noticed a wyvern
  1625 | D:4      | Slain by a wyvern

Illustrated notes

Levels and vault maps discovered:
D:1:      minmay_arrival_up_and_down, layout_rooms,
          shapermc_ecumenical_altar_mp_vishouse, serial_forest,
          infiniplex_forest_lined_3, infiniplex_forest_zigzag_2,
          infiniplex_forest_straight_4, infiniplex_forest_end_2,
          infiniplex_forest_clump_small, infiniplex_forest_corner_2,
          infiniplex_forest_lined_3_way, infiniplex_forest_lined_3
D:2:      layout_loops_ring, serial_shops, nicolae_shop_behind_doors,
          nicolae_shop_hallway_plus, shop, chequers_decorated_corner,
          minmay_vboxes
D:3:      layout_loops_ring, grunt_temple_overflow_champion_of_chaos,
          gup_sewer_entry_bubbles, hellmonk_ghost_happy_afterlife,
          amcnicky_mini_rare_corridor_liquid
D:4:      layout_rooms, enter_ossuary_3, uniq_robin

Skill      XL: |  1  2  3  4  5  6 |
---------------+-------------------+-----
Staves         | 5 6 7 9 |  9.6
Fighting       | |  1.1
Armour         | |  1.2
Spellcasting   | |  1.3
Conjurations   | |  1.2
Evocations     | |  2.4

Action                   |  1- 3 |  4- 6 |  7- 9 || total
-------------------------+-------+-------+-------++-------
Melee: Quarterstaff      |    62 |   122 |    21 ||   205
  Use: Scroll            |       |    14 |       ||    14
Armor: Robe              |     5 |    32 |     3 ||    40
Dodge: Dodged            |    19 |    48 |     6 ||    73

Table legend: (Time is in decaauts)
 A = Elapsed time spent in this place.
 B = Non-inter-level travel time spent in this place.
 C = Inter-level travel time spent in this place.
 D = Time resting spent in this place.
 E = Time spent auto-exploring this place.
 F = Levels seen in this place.
 G = Mean time per level.
                   A        B        C        D        E       F      G
               +--------+--------+--------+--------+--------+-----+--------+
         Total |   1713 |   1574 |    139 |      0 |    679 |   5 |  342.6 |
       Dungeon |   1312 |   1173 |    139 |      0 |    589 |   4 |  328.0 |
         Sewer |    400 |    400 |      0 |      0 |     90 |   1 |  400.0 |
               +--------+--------+--------+--------+--------+-----+--------+

Top non-repeatable levels by time:
     D:3: 598 daAuts
     D:2: 412 daAuts
   Sewer: 400 daAuts
     D:1: 237 daAuts
     D:4: 64 daAuts
